 Dungeon Crawl Stone Soup version 0.21.0 (webtiles) character file.

496914 pedant the Spry (level 25, -1/204 HPs)
             Began as a Merfolk Venom Mage on Jan 16, 2018.
             Was an Elder of Fedhas.
             Slain by a stone giant (16 damage)
             ... while paralysed by a lich
             ... on level 5 of the Vaults on Jan 19, 2018.
             The game lasted 08:12:22 (116302 turns).

pedant the Spry (Merfolk Venom Mage)              Turns: 116302, Time: 08:12:22

Health: -1/204     AC: 29    Str: 11    XL:     25   Next: 14%
Magic:  32/38      EV:  2    Int: 25    God:    Fedhas [****..]
Gold:   797        SH:  0    Dex: 21    Spells: 2/46 levels left

rFire    + . .     SeeInvis .   b - +7 demon trident (flame)
rCold    . . .     Gourm    +   O - +3 buckler
rNeg     + + +     Faith    .   a - +5 scale mail of Hedonism {rN+++ Int-2 Stlth+}
rPois    .         Spirit   .   T - +2 helmet {Int+3}
rElec    .         Reflect  .   D - +2 cloak of the Scribe {Dex+4}
rCorr    .         Harm     .   Y - +2 pair of gloves {Str+3}
MR       +....                  m - +2 pair of boots
Stlth    +++.......             W - amulet of the gourmand (curse)
HPRegen  0.44/turn              x - +4 ring of evasion
MPRegen  0.26/turn              M - ring of protection from fire

@: paralysed, studying Hexes
A: change form in water, swift swim, stealthy swim, slimy green scales 1,
subdued magic 1
}: 2/15 runes: serpentine, barnacled
a: Fungal Bloom, Evolution, Sunlight, Growth, Reproduction, Renounce Religion


You were on level 5 of the Vaults.
You worshipped Fedhas.
Fedhas was greatly pleased with you.
You were completely stuffed.

You visited 8 branches of the dungeon, and saw 42 of its levels.
You visited the Abyss 2 times.
You visited 1 bazaar.
You also visited: Ice Cave.

You collected 5953 gold pieces.
You spent 5156 gold pieces at shops.

Inventory:

Hand Weapons
 b - a +7 demon trident of flaming (weapon)
Missiles
 l - 1203 stones (quivered)
 o - 8 throwing nets {!f}
Armour
 a - the +5 scale mail of Hedonism (worn) {rN+++ Int-2 Stlth+}
   (You found it on level 4 of the Shoals)

   It affects your intelligence (-2).
   It renders you almost immune to negative energy.
   It makes you more stealthy.
 m - a +2 pair of boots (worn)
 D - the +2 cloak of the Scribe (worn) {Dex+4}
   (You found it on level 6 of the Lair of Beasts)

   It affects your dexterity (+4).
 O - a +3 buckler (worn)
 T - a +2 helmet of intelligence (worn)
 Y - a +2 pair of gloves of strength (worn)
Jewellery
 d - an uncursed ring of flight
 k - the ring of Liberty {-Tele rPois rF++ Str+2 Dex+4}
   (You took it off a naga mage on level 4 of the Snake Pit)

   [ring of poison resistance]

   It affects your strength (+2).
   It affects your dexterity (+4).
   It greatly protects you from fire.
   It protects you from poison.
   It prevents most forms of teleportation.
 v - an uncursed ring of see invisible
 x - a +4 ring of evasion (left hand)
 F - an uncursed ring of poison resistance
 M - a ring of protection from fire (right hand)
 W - a cursed amulet of the gourmand (around neck)
Wands
 r - a wand of paralysis (31)
 B - a wand of digging (55)
 C - a wand of scattershot (1)
 N - a wand of iceblast (50)
 U - a wand of acid (24)
Scrolls
 f - a scroll of enchant weapon
 h - 6 scrolls of fog
 s - 6 scrolls of immolation
 t - 10 scrolls of identify
 u - 25 scrolls of remove curse
 z - 3 scrolls of teleportation
 A - 2 scrolls of holy word
 I - a scroll of fear
 K - 2 scrolls of blinking
 S - 3 scrolls of magic mapping
Potions
 e - 4 potions of curing
 g - 4 potions of ambrosia
 i - 4 potions of haste
 j - 3 potions of resistance
 n - 8 potions of brilliance
 q - 3 potions of heal wounds
 w - a potion of invisibility
 J - 4 potions of flight
 L - 5 potions of might
 X - 3 potions of berserk rage
 Z - 3 potions of magic
Books
 R - a manual of Hexes
Comestibles
 c - 21 rations
 p - 5 chunks of flesh


   Skills:
 + Level 18.2 Fighting
 - Level 20.0 Polearms
 - Level 10.0 Armour
 - Level 20.0 Dodging
 - Level 5.0 Stealth
 - Level 4.2 Shields
 - Level 11.0 Spellcasting
 - Level 10.0 Conjurations
 - Level 4.0 Hexes
 - Level 12.0 Charms
 - Level 5.0 Summonings
 - Level 5.0 Translocations
 - Level 20.0 Ice Magic
 + Level 10.3 Air Magic
 - Level 9.0 Poison Magic
 - Level 9.0 Invocations
 - Level 7.0 Evocations


You had 2 spell levels left.
You knew the following spells:

 Your Spells              Type           Power        Failure   Level  Hunger
a - Spectral Weapon       Hex/Chrm       #####...     1%          3    None
b - Shroud of Golubria    Chrm/Tloc      #####.....   1%          2    None
c - Mephitic Cloud        Conj/Pois/Air  #####...     1%          3    None
d - Olgreb's Toxic Radia  Pois           #####...     3%          4    None
e - Blink                 Tloc           N/A          2%          2    None
f - Swiftness             Chrm/Air       ######..     1%          2    None
g - Venom Bolt            Conj/Pois      #####.....   9%          5    ####...
h - Iskenderun's Mystic   Conj           #####...     2%          4    None
i - Summon Ice Beast      Ice/Summ       ######..     1%          4    None
j - Deflect Missiles      Chrm/Air       ######....   24%         6    #####..
k - Regeneration          Chrm/Necr      ####......   3%          3    None
l - Freezing Cloud        Conj/Ice/Air   ######....   9%          6    #####..


Dungeon Overview and Level Annotations

Branches:
Dungeon (15/15)            Temple (0/1) D:7            Lair (6/6) D:8
 Shoals (4/4) Lair:2        Snake (4/4) Lair:2        Slime (0/5) Lair:6
    Orc (2/2) D:10            Elf (0/3) Orc:2        Vaults (5/5) D:13
  Crypt (1/3) Vaults:3     Depths (5/5) D:15            Zot (0/5) Depths:5

Altars:
Ashenzari
Dithmenos
Elyvilon
Fedhas
Kikubaaqudgha
Makhleb
Okawaru
Uskayaw
Wu Jian
Xom
Yredelemnul
Beogh
Jiyva

Shops:
D:4 ?   D:7 :   D:8 ?   D:11 *   D:14 *   Orc:1 [   Orc:2 [*(:   Shoals:1 }
Snake:2 !!   Snake:3 [   Depths:1 =

Portals:
Hell: Lair:6 Depths:1 Depths:2 Depths:3 Depths:4 Depths:5
Abyss: Depths:1 Depths:4
Pandemonium: Depths:1 Depths:2 Depths:3
Ziggurat: Depths:2
Trove: D:13 (give 15 potions of curing)

Annotations:
Shoals:2 you could use summon ice beast (need more money) and dmissile
Shoals:3 exclusion: Roxanne, Roxanne
Vaults:2 nc
Crypt:1 !vampires with no mr+ are no joke
Depths:4 exclusion: ice statue


Innate Abilities, Weirdness & Mutations

You revert to your normal form in water.
You are very nimble and swift while swimming.
You are very stealthy in the water. (Stealth+)
You are partially covered in slimy green scales. (AC +2)
Your spells are a little easier to cast, but a little less powerful.


Message History

The frost giant hits you with a battleaxe of freezing.
* * * LOW HITPOINT WARNING * * *
The frost giant freezes you.
* * * LOW HITPOINT WARNING * * *
The deep elf archer is empowered by the deep elf high priest's aura!
You hear a deafening roar!
The ettin hits you with a dire flail of protection!!
* * * LOW HITPOINT WARNING * * *
The ettin hits you with a dire flail.
* * * LOW HITPOINT WARNING * * *
The vault sentinel blows a loud note on a signal horn!
The lich mumbles some strange words.
The lich seems to speed up.
The deep elf high priest mumbles some strange prayers to its god against you.
Something smites you!
* * * LOW HITPOINT WARNING * * *
The deep elf annihilator mumbles some strange words.
The deep elf annihilator blinks!
The stone giant hits you!
You die...
Fedhas appreciates your contribution to the ecosystem.

#.. #....# .O#
#...e# .
..##.(..# .?
#.e#....#...
#.D......!.D
#####.....(..##
.....([e<<.....
...L(eC@C.<....
...Op())C<.....
.....((..D.....
#####........##
.......O...
...#....#...
...##....#D..
.... #....# ..


You could see 4 storm dragons, a frost giant, a stone giant, a lich, a deep elf
annihilator, an ettin, 2 two-headed ogres, a vault sentinel, a deep elf archer,
2 deep elf high priests and an ogre.

Vanquished Creatures
  An ancient lich (Vaults:4)
  A juggernaut (Depths:5)
  Boris (Vaults:3)
  4 golden dragons
  The ghost of edsrzf the Sorcerer, a veteran GrNe of Gozag (Depths:5)
  2 bone dragons (Depths:5)
  2 tentacled monstrosities
  A lich (Abyss:3)
  4 krakens
  2 tentacled starspawn (Abyss:3)
  3 shadow dragons
  Ilsuiw (Shoals:4)
  6 tengu reavers
  3 storm dragons
  12 nagarajas
  4 frost giants
  An orc warlord (Orc:2)
  3 fire giants
  A deep elf sorcerer (Vaults:4)
  A draconian scorcher (Depths:5)
  A draconian knight (Depths:5)
  A cacodemon (Abyss:3)
  2 iron dragons (Depths:4)
  8 vault wardens
  Louise (Shoals:3)
  A war gargoyle (Depths:3)
  An angel (Abyss:4)
  A draconian stormcaller (Depths:5)
  17 ironheart preservers
  18 stone giants
  18 very ugly things
  Nessos (Orc:1)
  A deep elf demonologist (Depths:4)
  A vampire knight (Crypt:1)
  A lorocyproca (Depths:5)
  7 spark wasps
  A purple draconian (Depths:5)
  A deep elf annihilator (Vaults:4)
  13 ettins
  2 deep elf death magi
  4 merfolk impalers
  2 blizzard demons
  A green death (Abyss:3)
  2 jiangshi
  10 yaktaur captains
  7 fire dragons
  4 merfolk javelineers
  11 ogre magi
  Josephine (Snake:1)
  4 deep elf high priests
  33 vault guards
  A hydra (Lair:6)
  9 ice dragons
  9 great orbs of eyes
  9 naga warriors
  4 rakshasas
  2 anacondas
  2 hell beasts
  A merfolk avatar (Shoals:3)
  9 centaur warriors
  Erolcha (D:13)
  7 merfolk aquamancers
  2 satyrs
  A catoblepas (D:14)
  Erica (D:10)
  2 spriggan air magi
  4 deep troll earth magi
  37 two-headed ogres
  12 tengu warriors
  A death yak (Lair:6)
  3 deep troll shamans
  2 vampire magi
  2 thrashing horrors (Abyss:3)
  An orc high priest (Orc:2)
  12 spriggan berserkers
  Urug (D:13)
  2 shock serpents
  13 naga sharpshooters
  A deep elf knight (Vaults:4)
  4 soul eaters
  5 sun demons
  10 hell knights
  3 wretched stars
  2 spriggans
  A shadow wraith (Abyss:3)
  An iron troll (Depths:1)
  3 sixfirhies
  8 skeletal warriors
  9 sea snakes
  A storm dragon skeleton (Vaults:3)
  A gelid demonspawn (Depths:2)
  3 unseen horrors
  2 flayed ghosts
  A deep elf archer (Vaults:1)
  8 harpies
  11 deep trolls
  3 wizards
  A glowing orange brain (Abyss:4)
  18 orc knights
  2 phantasmal warriors (Vaults:4)
  2 naga ritualists (Snake:4)
  2 necromancers
  An iron giant skeleton (Crypt:1)
  A lindwurm (Lair:6)
  6 mana vipers
  11 ironbrand convokers
  12 deep elf magi
  6 cyclopes
  7 orc sorcerers
  A shining eye (shapeshifter) (Vaults:5)
  2 worldbinders
  2 wolf spiders
  2 elephants
  20 ugly things
  10 manticores
  9 fauns
  11 salamanders
  A tengu skeleton (Vaults:3)
  9 human skeletons (Vaults:3)
  6 merfolk sirens
  2 stone giant skeletons (Vaults:3)
  12 vault sentinels
  A frost giant skeleton (Vaults:3)
  Psyche (D:10)
  23 black mambas
  An eye of devastation (shapeshifter) (Vaults:3)
  12 guardian serpents
  8 rust devils
  7 water nymphs
  Joseph (D:7)
  An orange demon (Abyss:3)
  An ice statue (IceCv)
  5 smoke demons
  A torpor snail (Lair:3)
  6 spiny frogs
  A fire giant skeleton (Vaults:2)
  2 gargoyles (D:13)
  10 naga magi
  20 freezing wraiths
  5 komodo dragons
  An efreet (Depths:4)
  3 rime drakes (Lair:6)
  4 kobold demonologists
  5 ice devils
  36 yaktaurs
  A yaktaur skeleton (Vaults:3)
  A tengu conjurer (Depths:5)
  4 red devils
  2 hellwings
  A wind drake (shapeshifter) (Vaults:1)
  An ancient zyme (Abyss:3)
  2 jumping spiders (shapeshifter)
  27 merfolk
  10 trolls
  A wolf spider simulacrum (Vaults:1)
  6 wind drakes
  9 slime creatures
  4 hippogriffs
  7 hornets
  4 raiju
  8 snapping turtles
  14 dream sheep
  An ettin zombie (Vaults:2)
  5 blink frogs
  A snapping turtle (shapeshifter) (D:12)
  8 large abominations
  A ynoxinul (Abyss:3)
  A flying skull (Depths:4)
  A spriggan (shapeshifter) (Vaults:1)
  6 shadows
  A tarantella (shapeshifter) (Depths:3)
  16 water elementals
  An air elemental (Depths:5)
  25 yaks
  2 fire bats (Abyss:3)
  3 wyverns
  A yak (shapeshifter) (Abyss:4)
  6 wraiths
  A basilisk (shapeshifter) (Depths:3)
  3 hungry ghosts
  3 neqoxecs
  2 death yak simulacra (IceCv)
  5 small abominations
  6 vampire mosquitoes
  3 chaos spawn
  4 wargs
  31 nagas
  7 hell hounds
  An acid dragon (Vaults:1)
  11 water moccasins
  A porcupine (Lair:3)
  An ettin simulacrum (Depths:4)
  46 orc warriors
  2 phantoms
  7 sky beasts
  2 black bears
  12 ice beasts
  2 wolves (Lair:6)
  43 ogres
  An eye of draining (D:9)
  8 boggarts
  12 crocodiles
  8 centaurs
  5 big kobolds
  12 wandering mushrooms
  A human zombie (Vaults:2)
  21 bullfrogs
  2 scorpions
  4 wights
  A spriggan skeleton (Crypt:1)
  7 electric eels
  7 crimson imps
  8 hounds
  A starcursed mass (Abyss:4)
  3 draconian simulacra (IceCv)
  5 jellies
  2 quasits
  A gnoll shaman (D:9)
  14 orc priests
  5 centaur skeletons
  3 iguanas
  26 orc wizards
  A polar bear simulacrum (IceCv)
  6 troll simulacra (IceCv)
  8 worker ants
  5 hell rats (Lair:6)
  2 spriggan simulacra (IceCv)
  A wolf simulacrum (IceCv)
  2 centaur simulacra (IceCv)
  4 hound skeletons
  A worker ant zombie (D:8)
  9 adders
  14 gnolls
  3 naga simulacra (IceCv)
  4 ogre simulacra (IceCv)
  6 shadow imps
  13 white imps
  2 oozes
  An adder skeleton (D:8)
  3 worms (D:2)
  2 dart slugs (D:1)
  6 leopard geckos
  100 orcs
  10 bats
  3 giant cockroaches
  5 goblins
  15 hobgoblins
  19 jackals
  9 quokkas
  A jackal skeleton (D:6)
  14 kobolds
  A quokka skeleton (D:6)
  8 rats
  A spectral orc (D:2)
  3 starspawn tentacles (Abyss:3)
  7 tentacles
  A toadstool (Vaults:2)
1589 creatures vanquished.

Vanquished Creatures (collateral kills)
  A sphinx (Vaults:3)
  A quicksilver dragon (Depths:4)
  A tentacled starspawn (Abyss:3)
  5 nagarajas (Snake:4)
  2 fire giants
  A frost giant (Depths:5)
  A balrug (Depths:4)
  A reaper (Depths:4)
  2 very ugly things (Vaults:4)
  4 stone giants
  An entropy weaver (Abyss:3)
  5 ironheart preservers
  A vampire knight (Depths:4)
  A green draconian (Depths:5)
  A deep elf demonologist (Depths:4)
  A yellow draconian (Depths:5)
  A dire elephant (Lair:6)
  2 deep elf annihilators
  2 spark wasps
  A purple draconian (Depths:5)
  A deep elf death mage (Vaults:4)
  2 ettins
  2 fire dragons
  2 merfolk javelineers (Shoals:4)
  A green death (Depths:3)
  2 merfolk impalers
  A great orb of eyes (Depths:5)
  4 deep elf high priests
  5 vault guards
  3 naga warriors (Snake:4)
  3 jiangshi
  A hydra (Lair:6)
  A spriggan air mage (Depths:4)
  2 merfolk avatars (Shoals:4)
  A hell beast (Depths:2)
  16 two-headed ogres
  6 ogre magi
  2 anacondas
  5 tengu warriors (Depths:4)
  A death knight (Vaults:4)
  A merfolk aquamancer (Shoals:4)
  3 deep troll shamans
  3 deep troll earth magi
  2 thrashing horrors
  2 spriggan berserkers
  2 hell knights (Depths:3)
  A sun demon (Depths:4)
  A deep elf knight (Vaults:4)
  2 salamander mystics (Snake:4)
  2 spriggans (Depths:4)
  6 sea snakes
  An iron troll (D:15)
  2 naga ritualists (Snake:2)
  2 glowing orange brains (Depths:4)
  6 deep trolls
  7 harpies
  A storm dragon skeleton (Vaults:2)
  5 deep elf magi
  3 wolf spiders
  2 mana vipers (Snake:2)
  4 wizards
  2 necromancers
  7 ugly things
  7 orc knights
  2 manticores
  A large abomination (Abyss:3)
  4 salamanders
  5 merfolk sirens (Shoals:4)
  5 vault sentinels
  2 elephants (Lair:5)
  10 black mambas
  4 rust devils
  10 naga magi
  A human skeleton (Vaults:3)
  5 guardian serpents
  A water nymph (Shoals:4)
  A yaktaur zombie (Vaults:2)
  3 spiny frogs
  An ice devil (Lair:6)
  An efreet (Abyss:3)
  16 yaktaurs
  2 tengu conjurers
  A rime drake (Lair:6)
  2 freezing wraiths
  5 komodo dragons
  A hellwing (Depths:3)
  2 ancient zymes
  8 merfolk
  A wind drake (shapeshifter) (Depths:2)
  4 trolls
  A red devil (Depths:4)
  A hornet (Depths:4)
  3 raiju
  3 blink frogs (Abyss:4)
  4 snapping turtles
  14 slime creatures
  A fire giant simulacrum (Vaults:2)
  A hippogriff (shapeshifter) (Vaults:3)
  An air elemental (Depths:5)
  3 hippogriffs
  A spriggan (shapeshifter) (Vaults:3)
  A shadow (Abyss:3)
  A flying skull (Depths:4)
  5 water elementals
  18 yaks
  3 wraiths
  A basilisk (D:12)
  A fire bat (Abyss:3)
  A hungry ghost (D:15)
  A neqoxec (Depths:2)
  A chaos spawn (Abyss:4)
  2 wargs (Orc:2)
  An acid dragon (Vaults:2)
  2 hell hounds (Depths:4)
  16 nagas
  5 water moccasins
  2 floating eyes (Depths:2)
  6 orc warriors
  A two-headed ogre skeleton (Crypt:1)
  A sky beast (D:12)
  An orc zombie (Vaults:2)
  3 eyes of draining
  A wolf (Lair:6)
  A boggart (Depths:2)
  24 ogres
  A boggart (shapeshifter) (Depths:1)
  2 centaurs (Depths:3)
  A small abomination (Abyss:3)
  A crocodile (Lair:2)
  A killer bee (shapeshifter) (Vaults:2)
  5 wights
  3 crimson imps
  2 jellies (D:12)
  An orc priest (D:12)
  An orc wizard (Vaults:5)
  A worker ant (shapeshifter) (Depths:2)
  A worker ant (D:12)
  A gnoll (D:9)
  13 orcs
434 creatures vanquished.

Vanquished Creatures (others)
  A tengu reaver (Abyss:4)
  2 thorn hunters (Abyss:4)
  A deep elf sorcerer (Abyss:4)
  A deep elf death mage (Depths:3)
  3 oklob plants (Shoals:4)
  A spriggan air mage (Depths:5)
  An ogre mage (Vaults:2)
  A thrashing horror (Abyss:4)
  2 quicksilver dragon simulacra (Depths:4)
  A shambling mangrove (Abyss:4)
  2 worldbinders (Abyss:4)
  A vault sentinel (Vaults:4)
  A merfolk (Shoals:3)
  2 ynoxinuls (Abyss:4)
  4 small abominations
  A naga (Snake:4)
  2 necrophages
  2 ettin simulacra (Depths:4)
  2 ogres
  A boggart (Vaults:2)
  A centaur (Vaults:2)
  A worker ant zombie (D:11)
  An orc (Vaults:5)
  116 wandering mushrooms
  15 bushes (Depths:2)
  29 fungi
  2 lurking horrors
  47 plants
  21 spectral weapons
  11 starspawn tentacles
  23 tentacles
  1206 toadstools
1505 creatures vanquished.

Grand Total: 3528 creatures vanquished

Notes
Turn   | Place    | Note
-------+----------+-------------------------------------------
     0 | D:1      | pedant the Merfolk Venom Mage began the quest for the Orb.
     0 | D:1      | Reached XP level 1. HP: 13/13 MP: 3/3
   290 | D:1      | Reached skill level 1 in Conjurations
   319 | D:1      | Reached XP level 2. HP: 19/19 MP: 1/5
   547 | D:1      | Learned a level 2 spell: Poisonous Vapours
  1064 | D:1      | Reached XP level 3. HP: 24/24 MP: 0/6
  1947 | D:2      | Reached skill level 5 in Poison Magic
  1947 | D:2      | Reached XP level 4. HP: 30/30 MP: 0/7
  2044 | D:2      | Learned a level 3 spell: Mephitic Cloud
  2717 | D:2      | Reached skill level 1 in Polearms
  2970 | D:2      | Found a basalt altar of Yredelemnul.
  3091 | D:2      | Reached skill level 1 in Fighting
  3091 | D:2      | Reached XP level 5. HP: 33/37 MP: 8/8
  3216 | D:3      | Found a hide-covered altar of Uskayaw.
  3229 | D:3      | Noticed a hand axe
  3230 | D:3      | Noticed a dagger
  4080 | D:3      | Reached XP level 6. HP: 44/44 MP: 4/9
  5185 | D:4      | Found an iron altar of Okawaru.
  5185 | D:4      | Found a burning altar of Makhleb.
  5402 | D:4      | Found Codanes's Magic Scroll Emporium.
  5410 | D:4      | Bought a scroll of identify for 24 gold pieces
  5410 | D:4      | Bought a scroll of teleportation for 36 gold pieces
  5410 | D:4      | Bought a scroll of identify for 24 gold pieces
  5662 | D:5      | Entered Level 5 of the Dungeon
  5861 | D:5      | Noticed a black bear
  5871 | D:5      | Killed a black bear
  5871 | D:5      | Reached skill level 1 in Air Magic
  6504 | D:5      | Reached XP level 7. HP: 50/50 MP: 10/10
  7370 | D:6      | Reached skill level 5 in Polearms
  7376 | D:6      | Learned a level 4 spell: Olgreb's Toxic Radiance
  7579 | D:6      | Found a blossoming altar of Fedhas.
  7663 | D:6      | Became a worshipper of Fedhas Madash
  7681 | D:6      | You fall through a shaft for 2 floors!
  7681 | D:8      | Found an ancient bone altar of Kikubaaqudgha.
  8047 | D:8      | Reached skill level 1 in Armour
  8158 | D:7      | Reached XP level 8. HP: 53/56 MP: 0/13
  8844 | D:7      | Noticed Joseph
  9344 | D:8      | Found Dewkif's Magic Scroll Shop.
  9347 | D:8      | Bought a scroll of identify for 28 gold pieces
  9347 | D:8      | Bought a scroll of teleportation for 42 gold pieces
  9347 | D:8      | Bought a scroll of identify for 28 gold pieces
  9347 | D:8      | Bought a scroll of teleportation for 42 gold pieces
  9453 | D:8      | Found a staircase to the Lair.
  9586 | D:8      | Killed an unseen horror
  9586 | D:8      | Reached XP level 9. HP: 20/65 MP: 0/15
 11285 | D:9      | Reached skill level 10 in Polearms
 11285 | D:9      | Reached skill level 5 in Dodging
 11302 | D:9      | Reached * piety under Fedhas
 11429 | D:9      | Noticed a troll
 11449 | D:9      | Killed a troll
 11449 | D:9      | Reached XP level 10. HP: 29/71 MP: 1/16
 12885 | D:7      | Found a shattered altar of Ashenzari.
 12982 | D:7      | Learned a level 2 spell: Blink
 13023 | D:7      | Found a staircase to the Ecumenical Temple.
 13088 | D:7      | Found Miec's Book Shop.
 13856 | D:7      | Found a shattered altar of Ashenzari.
 13903 | D:7      | Found Miec's Book Shop.
 14009 | D:7      | Killed Joseph
 14009 | D:7      | Reached skill level 1 in Invocations
 14073 | Lair:1   | Entered Level 1 of the Lair of Beasts
 14073 | Lair:1   | Noticed a black mamba
 14082 | Lair:1   | Killed a black mamba
 14085 | Lair:1   | Reached skill level 1 in Translocations
 14277 | Lair:1   | Noticed a spiny frog
 14294 | Lair:1   | Killed a spiny frog
 14313 | Lair:1   | Noticed a spiny frog
 14329 | Lair:1   | Killed a spiny frog
 14554 | Lair:1   | Noticed a spiny frog
 14572 | Lair:1   | Killed a spiny frog
 14572 | Lair:1   | Reached skill level 5 in Fighting
 14690 | Lair:1   | Noticed an oklob plant
 14696 | Lair:1   | Reached XP level 11. HP: 79/79 MP: 12/17
 15648 | Lair:2   | Found a staircase to the Snake Pit.
 16235 | Lair:2   | You fall through a shaft for 2 floors!
 16579 | Lair:3   | Learned a level 2 spell: Swiftness
 17017 | Lair:2   | Reached skill level 1 in Charms
 17628 | Lair:2   | Found a staircase to the Shoals.
 18434 | Lair:3   | Reached XP level 12. HP: 94/94 MP: 10/18
 19172 | Lair:3   | Reached skill level 10 in Dodging
 20425 | Lair:4   | Learned a level 5 spell: Venom Bolt
 20731 | Lair:4   | Reached skill level 5 in Spellcasting
 21446 | Lair:5   | Reached skill level 5 in Conjurations
 22859 | D:10     | Entered Level 10 of the Dungeon
 23052 | D:10     | Found a staircase to the Orcish Mines.
 24148 | D:10     | Noticed a two-headed ogre
 24161 | D:10     | Killed a two-headed ogre
 24384 | D:10     | Noticed Erica
 24402 | D:10     | Killed Erica
 24429 | D:10     | Noticed Psyche
 24442 | D:10     | Killed Psyche
 24442 | D:10     | Reached skill level 10 in Fighting
 24772 | D:10     | Reached XP level 13. HP: 84/103 MP: 11/20
 25295 | D:11     | Found Avvituric's Assorted Antiques.
 25424 | D:11     | Bought a runed helmet for 187 gold pieces
 26556 | D:12     | Found a roughly hewn altar of Beogh.
 26876 | D:12     | Reached ** piety under Fedhas
 27062 | D:12     | Noticed a shadow dragon
 27208 | Orc:1    | Entered Level 1 of the Orcish Mines
 27223 | Orc:1    | Found Cier's Armour Boutique.
 28523 | Lair:6   | Entered Level 6 of the Lair of Beasts
 28595 | Lair:6   | Found a viscous altar of Jiyva.
 28595 | Lair:6   | Found a staircase to the Slime Pits.
 28616 | Lair:6   | Identified a scroll of acquirement
 28617 | Lair:6   | Got an ichor-stained halberd
 28618 | Lair:6   | Identified the +11 halberd of the Common Good {chop, Dex+5} (You acquired it on level 6 of the Lair of Beasts)
 28633 | Lair:6   | Reached skill level 15 in Polearms
 29212 | Lair:6   | Noticed a dire elephant
 29234 | Lair:6   | Killed a dire elephant
 30022 | Lair:6   | Found a burning altar of Makhleb.
 30569 | Lair:6   | Found a gateway to Hell.
 30629 | Lair:6   | Got a twisted cloak
 30635 | Lair:6   | Identified the +2 cloak of the Scribe {Dex+4} (You found it on level 6 of the Lair of Beasts)
 31140 | Orc:2    | Entered Level 2 of the Orcish Mines
 31331 | Orc:2    | Found a staircase to the Elven Halls.
 31376 | Orc:2    | Reached XP level 14. HP: 92/110 MP: 3/23
 31383 | Orc:2    | Reached skill level 1 in Shields
 31613 | Orc:2    | Reached skill level 5 in Invocations
 31624 | Orc:2    | Noticed an orc warlord
 31790 | Orc:2    | Killed an orc warlord
 31997 | Orc:2    | Noticed Nessos
 32358 | Orc:1    | Killed Nessos
 32707 | Orc:2    | Noticed a stone giant
 32723 | Orc:2    | Killed a stone giant
 32996 | Orc:2    | Found Xifoag's Antique Weapon Boutique.
 33170 | Orc:2    | Found Zetye's General Store.
 33312 | Orc:2    | Found Viog's Book Shop.
 33838 | Orc:2    | Found Dokk's Antique Armour Shoppe.
 33943 | Orc:2    | Bought a pair of embroidered gloves for 217 gold pieces
 33964 | Orc:2    | Bought pitted steam dragon scales for 1305 gold pieces
 33964 | Orc:2    | Identified the +1 steam dragon scales of Nihilism {rN+} (You bought it in a shop on level 2 of the Orcish Mines)
 34345 | D:12     | Noticed a fire giant
 34364 | D:12     | Killed a fire giant
 34953 | D:8      | Bought a scroll of enchant weapon for 105 gold pieces
 35077 | D:4      | Bought a scroll of enchant weapon for 90 gold pieces
 35260 | D:11     | Bought a notched bone ring for 125 gold pieces
 35357 | D:13     | Noticed Urug
 35385 | D:13     | Killed Urug
 35425 | D:13     | Noticed Erolcha
 35452 | D:13     | Killed Erolcha
 35737 | D:13     | Reached skill level 10 in Conjurations
 36054 | D:13     | Found a gate to the Vaults.
 36526 | D:13     | Reached XP level 15. HP: 99/120 MP: 22/24
 36962 | D:13     | Found a portal to a secret trove of treasure.
 37698 | D:14     | Found a shadowy altar of Dithmenos.
 37889 | D:14     | Reached *** piety under Fedhas
 38222 | D:14     | Found Loingutt's General Store.
 38240 | D:14     | Bought a ration for 90 gold pieces
 38483 | D:15     | Entered Level 15 of the Dungeon
 38489 | D:15     | Found a frozen archway.
 38506 | IceCv    | Entered an ice cave
 38973 | IceCv    | Reached skill level 1 in Evocations
 39097 | IceCv    | Found an ancient bone altar of Kikubaaqudgha.
 42222 | D:15     | Found a staircase to the Depths.
 42222 | D:15     | Noticed a frost giant
 42238 | D:15     | Killed a frost giant
 42997 | D:12     | Killed a shadow dragon
 42997 | D:12     | Reached skill level 5 in Armour
 43085 | D:12     | Identified the Volume of Battle Magic
 43092 | D:12     | Learned a level 4 spell: Iskenderun's Mystic Blast
 43567 | Snake:1  | Entered Level 1 of the Snake Pit
 43603 | Shoals:1 | Entered Level 1 of the Shoals
 43692 | Shoals:1 | Reached skill level 15 in Dodging
 44942 | Shoals:1 | Reached XP level 16. HP: 127/127 MP: 25/25
 44982 | Shoals:1 | Found Wuyw's Gadget Shoppe.
 46302 | Shoals:2 | Found the ring of Shadows {Umbra +Inv Stlth+}
 46558 | Shoals:2 | Noticed a kraken
 46611 | Shoals:2 | Killed a kraken
 46692 | Shoals:2 | Noticed a kraken
 46714 | Shoals:2 | Killed a kraken
 48343 | Shoals:3 | Noticed Roxanne
 49303 | Shoals:3 | Noticed Louise
 49313 | Shoals:3 | Killed Louise
 49796 | Shoals:3 | Noticed a kraken
 49806 | Shoals:3 | Killed a kraken
 50427 | D:7      | Bought a book of Beasts for 770 gold pieces
 50432 | D:7      | Learned a level 4 spell: Summon Ice Beast
 50712 | Snake:1  | Reached skill level 1 in Ice Magic
 50931 | Snake:1  | Reached skill level 1 in Summonings
 51341 | Snake:1  | Noticed Josephine
 51350 | Snake:1  | Killed Josephine
 52354 | Snake:2  | Noticed a nagaraja
 52372 | Snake:2  | Killed a nagaraja
 52387 | Snake:2  | Reached skill level 5 in Ice Magic
 52979 | Snake:2  | Reached XP level 17. HP: 139/139 MP: 27/27
 53648 | Snake:2  | Reached skill level 10 in Ice Magic
 53985 | Snake:2  | Found Yceat's Distillery.
 53985 | Snake:2  | Found Veg Ajam's Distillery.
 54919 | Snake:3  | Found Jiplom's Antique Armour Shoppe.
 54944 | Snake:3  | Bought a runed buckler for 300 gold pieces
 55847 | Snake:4  | Entered Level 4 of the Snake Pit
 56884 | Shoals:4 | Entered Level 4 of the Shoals
 57579 | Shoals:4 | Reached skill level 5 in Stealth
 58277 | Shoals:4 | Noticed Ilsuiw
 58292 | Shoals:4 | Killed Ilsuiw
 58297 | Shoals:4 | Reached skill level 15 in Fighting
 59549 | Shoals:4 | Noticed a kraken
 59573 | Shoals:4 | Killed a kraken
 59692 | Shoals:4 | Got a barnacled rune of Zot
 60625 | Orc:2    | Bought a ration for 60 gold pieces
 60831 | Vaults:1 | Entered Level 1 of the Vaults
 60887 | Vaults:1 | Reached XP level 18. HP: 149/149 MP: 24/30
 61818 | Vaults:1 | Reached skill level 5 in Air Magic
 62910 | Vaults:1 | Reached skill level 10 in Spellcasting
 67241 | Snake:4  | Reached XP level 19. HP: 155/155 MP: 22/33
 68299 | Snake:4  | Got a slimy bone ring
 68303 | Snake:4  | Identified the ring of Liberty {-Tele rPois rF++ Str+2 Dex+4} (You took it off a naga mage on level 4 of the Snake Pit)
 71260 | Snake:4  | Reached skill level 5 in Evocations
 71530 | Snake:4  | Got a serpentine rune of Zot
 71729 | Lair:2   | Learned a level 6 spell: Deflect Missiles
 72582 | Vaults:2 | Paralysed by an ogre mage for 6 turns
 72651 | Vaults:2 | Reached skill level 5 in Charms
 72787 | Vaults:2 | Noticed Boris
 74246 | Shoals:4 | Got a citrine-encrusted scale mail
 74257 | Shoals:4 | Identified the +5 scale mail of Hedonism {rN+++ Int-2 Stlth+} (You found it on level 4 of the Shoals)
 75846 | Vaults:3 | Killed Boris
 75846 | Vaults:3 | Reached XP level 20. HP: 110/164 MP: 34/34
 79822 | Vaults:3 | Found a staircase to the Crypt.
 80698 | Crypt:1  | Entered Level 1 of the Crypt
 80853 | Crypt:1  | Reached skill level 5 in Summonings
 81169 | Crypt:1  | Paralysed by something for 5 turns
 81174 | Crypt:1  | HP: 5/164 [vampire knight/great mace (26)]
 82483 | Vaults:4 | Cast into level 3 of the Abyss (a Zot trap)
 82607 | Abyss:3  | Reached skill level 5 in Translocations
 82769 | Abyss:4  | Gained mutation: You are partially covered in slimy green scales. (AC +2) [a neqoxec]
 82945 | Abyss:4  | Reached XP level 21. HP: 171/171 MP: 21/36
 83087 | Abyss:4  | Found a corrupted altar of Lugonu.
 83243 | Abyss:4  | Found a corrupted altar of Lugonu.
 84138 | Vaults:4 | Escaped the Abyss
 85211 | Vaults:4 | Reached skill level 15 in Ice Magic
 85214 | Vaults:4 | Reached XP level 22. HP: 122/178 MP: 26/37
 86488 | Orc:2    | Bought the Disquisition on Self-Knowledge and Earth for 928 gold pieces
 86492 | Orc:2    | Learned a level 3 spell: Regeneration
 86646 | Lair:2   | Learned a level 6 spell: Freezing Cloud
 86909 | Depths:1 | Entered Level 1 of the Depths
 86909 | Depths:1 | Found a one-way gate leading to the halls of Pandemonium.
 86920 | Depths:1 | Found Uruosmot's Jewellery Shoppe.
 90339 | Depths:1 | Found a one-way gate to the infinite horrors of the Abyss.
 90406 | Depths:2 | Found a flickering gateway to a bazaar.
 90413 | Bazaar   | Entered a bazaar
 90441 | Bazaar   | Found Runlaedd's Magic Scroll Boutique.
 90441 | Bazaar   | Found Panworch's Antique Armour Shop.
 90442 | Bazaar   | Found Mihuv's Jewellery Emporium.
 90473 | Bazaar   | Found Susmy's Distillery.
 90514 | Bazaar   | Bought a scroll of enchant weapon for 90 gold pieces
 90514 | Bazaar   | Bought a scroll of fear for 42 gold pieces
 90526 | Bazaar   | Bought a potion of heal wounds for 55 gold pieces
 90526 | Bazaar   | Bought a potion of cancellation for 88 gold pieces
 91777 | Depths:2 | Found a gateway to a ziggurat.
 91779 | Depths:2 | Paralysed by a floating eye for 4 turns
 93267 | Depths:2 | Reached skill level 10 in Charms
 93895 | Depths:2 | Paralysed by a floating eye for 2 turns
 93900 | Depths:2 | Paralysed by a floating eye for 4 turns
 97020 | Depths:3 | Reached XP level 23. HP: 184/184 MP: 21/38
 98866 | Depths:4 | Cast into level 3 of the Abyss (a deep elf demonologist)
 98872 | Abyss:3  | Found a corrupted altar of Lugonu.
 98978 | Abyss:3  | Paralysed by accursed screaming for 1 turns
 98985 | Abyss:3  | Paralysed by accursed screaming for 2 turns
 99738 | Depths:4 | Escaped the Abyss
100963 | Depths:4 | Reached skill level 10 in Armour
101797 | Depths:4 | Found a white marble altar of Elyvilon.
102611 | Depths:4 | Paralysed by something for 2 turns
103267 | Depths:4 | Found an ornate altar of the Wu Jian Council.
103738 | Depths:4 | Learned a level 3 spell: Spectral Weapon
103883 | Depths:4 | Reached skill level 1 in Hexes
103960 | Depths:4 | Noticed a golden dragon
103982 | Depths:4 | Killed a golden dragon
104334 | Depths:4 | Found a hide-covered altar of Uskayaw.
104440 | Depths:4 | Identified the Volume of Icy Unholy Secrets
104562 | Depths:4 | Found a shimmering altar of Xom.
104937 | Depths:4 | Noticed a golden dragon
104953 | Depths:4 | Killed a golden dragon
105198 | Depths:5 | Entered Level 5 of the Depths
105815 | Depths:5 | Reached XP level 24. HP: 156/195 MP: 9/38
106359 | Depths:5 | Noticed edsrzf's ghost (veteran GrNe)
106893 | Depths:5 | Killed edsrzf's ghost
107628 | Depths:5 | Noticed a juggernaut
107655 | Depths:5 | Killed a juggernaut
108016 | Depths:5 | Reached skill level 10 in Air Magic
108841 | Depths:5 | Identified the cursed -6 cloak "Atah" {+Inv Int+4} (You found it on level 5 of the Depths)
109389 | Depths:5 | HP: 9/197 [poisoned by a golden dragon (poison gas)]
109394 | Depths:5 | HP: 8/197 [poisoned by a golden dragon (poison gas)]
109399 | Depths:5 | HP: 9/197 [poisoned by a golden dragon (poison gas)]
110216 | Depths:5 | Found a gate to the Realm of Zot.
111598 | Depths:5 | Learned a level 2 spell: Shroud of Golubria
111989 | Snake:2  | Bought a potion of might for 80 gold pieces
111989 | Snake:2  | Bought a potion of heal wounds for 100 gold pieces
111989 | Snake:2  | Bought a potion of might for 80 gold pieces
111989 | Snake:2  | Bought a potion of might for 80 gold pieces
111995 | Snake:2  | Bought a potion of haste for 140 gold pieces
112359 | Vaults:5 | Entered Level 5 of the Vaults
112362 | Vaults:5 | Noticed an ancient lich
113108 | Vaults:4 | Killed an ancient lich
113867 | Vaults:4 | Gained mutation: Your spells are a little easier to cast, but a little less powerful. [mutagenic glow]
115169 | Vaults:4 | Reached XP level 25. HP: 98/204 MP: 23/38
115342 | Vaults:4 | Reached **** piety under Fedhas
116299 | Vaults:5 | Paralysed by a lich for 7 turns
116302 | Vaults:5 | Slain by a stone giant

Skill      XL: |  1  2  3  4  5  6  7  8  9 10 11 12 13 14 15 16 17 18 19 20 21 22 23 24 25 |
---------------+----------------------------------------------------------------------------+-----
Conjurations   | 1 2 3 6 8 10 | 10.0
Dodging        | 3 5 6 9 12 15 16 19 20 | 20.0
Poison Magic   | 4 5 6 8 9 |  9.0
Polearms       | 1 3 4 5 9 11 14 16 17 18 20 | 20.0
Fighting       | 1 2 3 4 5 8 10 11 12 14 15 16 17 18 | 18.2
Air Magic      | 1 2 3 4 5 7 9 10 | 10.3
Spellcasting   | 3 4 5 6 7 8 10 11 | 11.0
Armour         | 1 2 4 5 6 7 8 9 10 | 10.0
Invocations    | 2 3 4 6 7 8 9 |  9.0
Translocations | 1 3 5 |  5.0
Charms         | 3 4 6 7 10 11 12 | 12.0
Shields        | 4 |  4.2
Evocations     | 4 6 7 |  7.0
Stealth        | 3 5 |  5.0
Ice Magic      | 7 12 14 15 17 19 20 | 20.0
Summonings     | 2 3 5 |  5.0
Hexes          | 4 |  4.0

Action                   |  1- 3 |  4- 6 |  7- 9 | 10-12 | 13-15 | 16-18 | 19-21 | 22-24 | 25-27 || total
-------------------------+-------+-------+-------+-------+-------+-------+-------+-------+-------++-------
Melee: Dagger            |    19 |       |       |       |       |       |       |       |       ||    19
       Halberd           |       |    46 |       |       |   231 |       |       |       |       ||   277
       Trident           |       |    68 |   216 |   590 |    36 |       |       |       |       ||   910
       Demon trident     |       |       |       |       |  1042 |  1493 |  1820 |  2209 |    65 ||  6629
       Tailslap          |       |       |       |       |     8 |    16 |       |       |       ||    24
Throw: Stone             |       |    60 |    60 |   143 |   196 |   320 |    64 |    20 |       ||   863
       Throwing net      |       |       |       |       |       |     2 |       |       |       ||     2
 Cast: Sting             |    33 |     1 |    26 |     1 |     1 |       |       |       |       ||    62
       Poisonous Vapours |    21 |    82 |    91 |   192 |   290 |   214 |    21 |    14 |       ||   925
       Mephitic Cloud    |       |       |     5 |     2 |    16 |     9 |     2 |       |       ||    34
       Olgreb's Toxic Ra |       |       |    13 |    50 |    87 |    60 |    22 |   106 |     5 ||   343
       Swiftness         |       |       |       |       |     2 |     4 |     5 |     9 |     1 ||    21
       Venom Bolt        |       |       |       |       |     3 |    22 |     2 |       |       ||    27
       Blink             |       |       |       |       |     1 |     2 |     1 |    21 |     7 ||    32
       Iskenderun's Myst |       |       |       |       |     1 |    34 |    17 |     6 |       ||    58
       Summon Ice Beast  |       |       |       |       |       |   112 |   320 |   694 |    34 ||  1160
       Regeneration      |       |       |       |       |       |       |       |    54 |    13 ||    67
       Spectral Weapon   |       |       |       |       |       |       |       |    56 |     6 ||    62
       Deflect Missiles  |       |       |       |       |       |       |       |     5 |     1 ||     6
       Freezing Cloud    |       |       |       |       |       |       |       |     6 |     1 ||     7
       Shroud of Golubri |       |       |       |       |       |       |       |    14 |     6 ||    20
Invok: Fungal Bloom      |       |       |    10 |    38 |    71 |    72 |    61 |    59 |    12 ||   323
       Evolution         |       |       |       |    15 |    38 |    39 |    43 |     5 |       ||   140
 Abil: Evoke Berserk Rag |       |       |       |       |     2 |       |       |       |       ||     2
Evoke: Wand              |       |       |     7 |    11 |    17 |     7 |     9 |     5 |       ||    56
  Use: Potion            |     1 |       |     2 |     1 |     5 |    10 |    23 |     8 |     1 ||    51
       Scroll            |       |    11 |     9 |     8 |    16 |    21 |    13 |    19 |       ||    97
 Stab: Sleeping          |       |     2 |     2 |     2 |     3 |     5 |     2 |     2 |       ||    18
       Distracted        |       |       |     1 |     2 |     7 |    21 |    39 |    69 |     2 ||   141
       Paralysed         |       |       |     5 |    13 |    10 |       |       |       |       ||    28
       Confused          |       |       |     1 |    13 |    31 |    18 |    14 |       |       ||    77
       Invisible         |       |       |       |       |       |       |     2 |       |       ||     2
  Eat: Chunk             |     3 |    17 |    14 |    31 |    52 |    48 |    50 |   104 |     6 ||   325
       Ration            |     1 |     1 |     2 |     7 |     8 |    12 |     4 |     1 |       ||    36
Armor: Robe              |     2 |     3 |       |       |       |       |       |       |       ||     5
       Leather armour    |       |    34 |     2 |    53 |   126 |   114 |    54 |       |       ||   383
       Ring mail         |       |       |    76 |    13 |       |       |       |       |       ||    89
       Skin              |       |       |    28 |       |       |       |       |       |       ||    28
       Scale mail        |       |       |       |       |       |       |   201 |   466 |    18 ||   685
Dodge: Dodged            |    24 |    67 |   115 |   214 |   526 |  1021 |   865 |  1288 |    97 ||  4217
       Deflected         |       |       |       |       |       |       |       |    23 |    10 ||    33
Block: Buckler           |       |       |       |       |   120 |   317 |   338 |   553 |    49 ||  1377
       Large shield      |       |       |       |       |       |       |       |    13 |       ||    13
